 Dungeon Crawl Stone Soup version 0.27.1-1-g398f81649c (webtiles) character file.

Game seed: 8386250013710856076

15278 MajorAdolf the Arsonist (level 12, 0/91 HPs)
             Began as a Naga Wanderer on Sept 14, 2021.
             Was a Follower of Vehumet.
             Slain by an eight-headed hydra (9 damage)
             ... on level 2 of the Lair of Beasts.
             The game lasted 00:44:46 (20749 turns).

MajorAdolf the Arsonist (Naga Wanderer)            Turns: 20749, Time: 00:44:47

Health: 0/91       AC: 15    Str: 17    XL:     12   Next: 25%
Magic:  2/28       EV:  6    Int: 20    God:    Vehumet [*.....]
Gold:   245        SH: 11    Dex: 12    Spells: 5/21 levels left

rFire    . . .     SeeInvis +   v - +1 dagger (venom)
rCold    . . .     Faith    .   G - +0 kite shield
rNeg     . . .     Spirit   .   N - +0 acid dragon scales
rPois    +         Reflect  .   m - +2 hat
rElec    .         Harm     .   (no cloak)
rCorr    +         Rampage  .   z - +0 pair of gloves
Will     +....                  a - +1 barding {Fly}
Stlth    +.........             f - amulet of magic regeneration
HPRegen  0.25/turn              I - ring of magical power
MPRegen  0.46/turn              s - +6 ring of intelligence

@: flying, very slightly contaminated, very slow
A: AC +4, large, see invisible, deformed body, poison resistance, slowness 2,
spit poison 1, naga tail 1
a: Spit Poison, Renounce Religion


You were on level 2 of the Lair of Beasts.
You worshipped Vehumet.
Vehumet was aware of your devotion.
You visited 3 branches of the dungeon, and saw 14 of its levels.

You collected 637 gold pieces.
You spent 392 gold pieces at shops.

Inventory:

Hand Weapons
 v - a +1 dagger of venom (weapon)
Missiles
 e - 85 poisoned darts
 n - a throwing net
Armour
 a - a +1 barding of flying (worn)
 m - a +2 hat (worn)
 z - a +0 pair of gloves (worn)
 G - a +0 kite shield (worn)
 N - +0 acid dragon scales (worn)
Magical Staves
 o - a staff of conjuration
Jewellery
 f - an amulet of magic regeneration (around neck)
 g - a ring of willpower
 r - an amulet of reflection
 s - a +6 ring of intelligence (right hand)
 C - an amulet of guardian spirit
 I - a ring of magical power (left hand)
 M - an amulet of regeneration
Wands
 x - a wand of paralysis (17)
 B - a wand of flame (18)
 F - a wand of charming (14)
Scrolls
 b - a scroll of magic mapping {unknown}
 h - 2 scrolls of brand weapon
 i - 3 scrolls of teleportation
 j - 2 scrolls of immolation
 k - 3 scrolls of fog
 p - a scroll of holy word {unknown}
 y - 4 scrolls of amnesia
 A - a scroll of vulnerability
 D - a scroll of torment {unknown}
 K - a scroll of blinking {unknown}
 O - a scroll of enchant armour {unknown}
Potions
 c - 2 potions of flight {unknown}
 d - a potion of haste {unknown}
 l - 2 potions of berserk rage {unknown}
 q - a potion of magic {unknown}
 t - 3 potions of might
 u - a potion of invisibility {unknown}
 w - 2 potions of curing
 E - 3 potions of cancellation {unknown}
 H - a potion of degeneration {unknown}
 J - 3 potions of attraction {unknown}
 L - a potion of resistance {unknown}


   Skills:
 - Level 1.0 Fighting
 - Level 1.7 Crossbows
 - Level 1.0 Throwing
 - Level 1.5 Stealth
 - Level 9.0 Shields
 - Level 5.0 Spellcasting
 + Level 9.2 Conjurations
 - Level 1.0 Necromancy
 - Level 2.0 Transmutations
 * Level 11.0 Fire Magic
 + Level 6.2 Earth Magic


You had 5 spell levels left.
You knew the following spells:

 Your Spells              Type           Power      Damage    Failure   Level
a - Foxfire               Conj/Fire      100%       2x1d9     1%          1
b - Bolt of Magma         Conj/Fire/Erth 20%        4d10      12%         5
c - Ignite Poison         Fire/Tmut/Pois 22%        N/A       8%          3
d - Passwall              Tmut/Erth      17%        N/A       4%          2
e - Blink                 Tloc           N/A        N/A       24%         2
f - Mephitic Cloud        Conj/Pois/Air  17%        N/A       14%         3

Your spell library contained the following spells:

 Spells                   Type           Power      Damage    Failure   Level
 Freeze                   Ice            20%        1d4       16%         1
 Magic Dart               Conj           100%       1d8       1%          1
 Conjure Flame            Conj/Fire      45%        6-21      1%          3
 Call Imp                 Summ           5%         N/A       24%         2
 Ensorcelled Hibernation  Hex/Ice        10%        N/A       24%         2
 Slow                     Hex            5%         N/A       24%         2
 Spider Form              Tmut/Pois      4%         N/A       30%         3
 Teleport Other           Tloc           5%         N/A       43%         3
 Iron Shot                Conj/Erth      17%        9d4       71%         6
 Shadow Creatures         Summ           N/A        N/A       100%        6


Dungeon Overview and Level Annotations

Branches:
Dungeon (11/15)            Temple (1/1) D:7            Lair (2/6) D:11
  Swamp: Lair:2-4    Shoals: Lair:2-4     Snake: Lair:2-4    Spider: Lair:2-4
    Orc: D:9-12

Altars:
Ashenzari
Cheibriados
Dithmenos
Elyvilon
Fedhas
Gozag
Hepliaklqana
Kikubaaqudgha
Makhleb
Nemelex Xobeh
Okawaru
Qazlal
Ru
Sif Muna
Trog
Uskayaw
Vehumet
Wu Jian
Xom
Yredelemnul
Zin
The Shining One

Shops:
D:2 :   D:8 (


Innate Abilities, Weirdness & Mutations

Your serpentine skin is tough. (AC +4)
You have supernaturally acute eyesight. (SInv)
Armour fits poorly on your strangely shaped body.
Your system is resistant to poisons. (rPois)
You cover ground very slowly.
You can spit poison.
You have a snake-like lower body.


Message History

The eight-headed hydra bites you but does no damage.
You block the eight-headed hydra's attack.
The eight-headed hydra bites you!
The eight-headed hydra bites you but does no damage.
You block the eight-headed hydra's attack.
The eight-headed hydra bites you.
Casting: Bolt of Magma (dangerous; 12% risk of failure)
Confirm with . or Enter, or press ? or * to list all spells.
Aiming: Bolt of Magma (dangerous; 12% risk of failure)
Press: ? - help, Shift-Dir - straight line, f/p - eight-headed hydra
Aim: an eight-headed hydra (severely wounded, 89% to hit)
The bolt of magma hits the eight-headed hydra!
The eight-headed hydra is almost dead.
The bolt of magma misses the cane toad.
The eight-headed hydra bites you!
The eight-headed hydra bites you but does no damage.
The eight-headed hydra bites you. x2
* * * LOW HITPOINT WARNING * * *
You block the eight-headed hydra's attack.
The eight-headed hydra barely misses you.
The eight-headed hydra bites you!
* * * LOW HITPOINT WARNING * * *
The eight-headed hydra bites you but does no damage.
Casting: Bolt of Magma (dangerous; 12% risk of failure)
Confirm with . or Enter, or press ? or * to list all spells.
You don't have enough magic to cast this spell.
Unknown command.
Okay, then.
Okay, then.
Casting: Bolt of Magma (dangerous; 12% risk of failure)
Confirm with . or Enter, or press ? or * to list all spells.
You miscast Blink.
You are very lightly contaminated with residual magic.
Nothing appears to happen.
The cane toad stings you but does no damage.
The eight-headed hydra bites you!
* * * LOW HITPOINT WARNING * * *
The eight-headed hydra bites you but does no damage. x2
You block the eight-headed hydra's attack. x3
The eight-headed hydra bites you!
You die...

## ##
#.######.###.#####
..................
...P#.#..F.#..P#
.........D@...#
#............#.#
.......=...P.#
.............#
#...<....P#
.....#.....P.P#
............... P
#...###.###P. #...
## .


You could see an eight-headed hydra and a cane toad.

Vanquished Creatures
  A hydra (Lair:1)
  5 two-headed ogres (D:10)
  A manticore (D:10)
  2 cyclopes (D:11)
  2 centaur zombies (D:10)
  Maggie (D:10)
  A shadow (D:11)
  A centaur simulacrum (D:10)
  A vampire (D:10)
  16 yaks
  2 humans (D:7)
  A wyvern (D:9)
  2 steam dragons
  6 vampire mosquitoes (D:10)
  2 acid dragons
  3 water moccasins
  An orc warrior (D:11)
  2 swamp drakes (D:10)
  4 ice beasts
  4 ogres
  4 black bears
  A sky beast (D:7)
  A wolf (Lair:1)
  10 centaurs
  A phantom (D:3)
  A kobold brigand (D:9)
  A gnoll sergeant (D:11)
  7 bullfrogs
  5 scorpions
  2 wyvern skeletons
  12 killer bees
  4 howler monkeys (D:10)
  2 bullfrog zombies
  3 jellies
  An orc priest (D:7)
  2 bullfrog skeletons (D:5)
  A gnoll shaman (D:6)
  3 hounds
  2 orc wizards
  2 iguanas (D:3)
  2 howler monkey zombies
  Robin (D:2)
  8 gnolls
  4 adders
  A shadow imp (D:7)
  An ufetubus (D:5)
  An adder skeleton (D:4)
  4 dart slugs
  12 orcs
  3 ball pythons
  6 endoplasms
  A giant cockroach (D:2)
  14 goblins
  5 hobgoblins
  2 jackals (D:2)
  8 kobolds
  2 quokkas
  3 training dummies (D:8)
  4 bats
  A frilled lizard (D:3)
  6 rats
212 creatures vanquished.

Vanquished Creatures (others)
  1193 foxfires
  62 fungi
  65 plants
1320 creatures vanquished.

Grand Total: 1532 creatures vanquished

Notes
Turn   | Place    | Note
-------+----------+-------------------------------------------
     0 | D:1      | MajorAdolf the Naga Wanderer began the quest for the Orb.
     0 | D:1      | MajorAdolf set off with the following items: a +0 club, a
                  | +0 robe, a potion of lignification; and the following
                  | spells available to memorise: Foxfire, Magic Dart, Blink,
                  | Call Imp, Slow, Conjure Flame, Mephitic Cloud
     0 | D:1      | Reached XP level 1. HP: 18/18 MP: 3/3
     2 | D:1      | Learned a level 1 spell: Foxfire
   381 | D:1      | Reached XP level 2. HP: 25/25 MP: 3/5
   615 | D:2      | Reached skill level 1 in Fire Magic
   680 | D:2      | Reached skill level 1 in Conjurations
   685 | D:2      | Reached XP level 3. HP: 31/31 MP: 4/6
   891 | D:2      | Found a faded altar of an unknown god.
  1005 | D:2      | Found Oxkae's Book Shop.
  1215 | D:2      | Noticed Robin
  1244 | D:2      | Reached XP level 4. HP: 38/38 MP: 1/8
  1288 | D:2      | Killed Robin
  1289 | D:2      | Reached skill level 2 in Fire Magic
  1883 | D:3      | Noticed a phantom
  2864 | D:3      | Reached XP level 5. HP: 8/44 MP: 1/9
  3869 | D:3      | Killed a phantom
  3870 | D:3      | Reached skill level 3 in Fire Magic
  3870 | D:3      | Reached XP level 6. HP: 19/51 MP: 0/10
  4600 | D:4      | Reached skill level 4 in Fire Magic
  4851 | D:5      | Entered Level 5 of the Dungeon
  4851 | D:5      | Noticed a black bear
  4863 | D:5      | Killed a black bear
  4864 | D:5      | Reached XP level 7. HP: 36/57 MP: 2/11
  5099 | D:5      | Reached skill level 5 in Conjurations
  5372 | D:5      | Reached skill level 5 in Fire Magic
  6388 | D:6      | Reached XP level 8. HP: 64/64 MP: 9/12
  6503 | D:6      | Got the Collected Works on Earth and the Voyage
  6586 | D:7      | Reached skill level 6 in Fire Magic
  6971 | D:7      | Found a staircase to the Ecumenical Temple.
  6985 | Temple   | Entered the Ecumenical Temple
  7004 | D:7      | Found an iron altar of Okawaru.
  7108 | Temple   | Became a worshipper of Vehumet
  7215 | D:7      | Reached skill level 1 in Shields
  7975 | D:7      | Reached XP level 9. HP: 63/70 MP: 13/13
  8103 | D:7      | Reached skill level 5 in Shields
  8948 | D:8      | Found Ebowuy's Firing Range.
  9078 | D:2      | Bought a Trismegistus Codex for 392 gold pieces
  9085 | D:2      | Learned a level 5 spell: Bolt of Magma
  9721 | D:8      | Learned a level 3 spell: Ignite Poison
  9883 | D:8      | Reached XP level 10. HP: 78/78 MP: 13/14
 12014 | D:9      | Reached skill level 1 in Earth Magic
 12019 | D:9      | Reached skill level 7 in Fire Magic
 12224 | D:10     | Entered Level 10 of the Dungeon
 12454 | D:10     | Noticed a two-headed ogre
 12835 | D:10     | Noticed a two-headed ogre
 12847 | D:10     | Killed a two-headed ogre
 12847 | D:10     | Reached * piety under Vehumet
 12847 | D:10     | Offered knowledge of Freeze by Vehumet.
 13121 | D:9      | Learned a level 2 spell: Passwall
 13124 | D:9      | Learned a level 2 spell: Blink
 13126 | D:10     | Noticed a skeletal warrior
 13477 | D:9      | Identified 2 scrolls of acquirement
 13478 | D:9      | Acquired a +1 barding of flying
 13487 | D:9      | Acquired a staff of conjuration
 13838 | D:10     | Noticed a two-headed ogre
 13853 | D:9      | Learned a level 3 spell: Mephitic Cloud
 15457 | D:10     | Noticed a two-headed ogre
 15469 | D:10     | Killed a two-headed ogre
 15470 | D:10     | Reached skill level 8 in Fire Magic
 15470 | D:10     | Reached XP level 11. HP: 74/84 MP: 15/17
 15480 | D:10     | Noticed a manticore
 15538 | D:10     | Killed a two-headed ogre
 15660 | D:10     | Killed a manticore
 16010 | D:10     | Reached skill level 9 in Fire Magic
 16249 | D:10     | Reached skill level 5 in Spellcasting
 16497 | D:10     | Killed a two-headed ogre
 16504 | D:10     | Noticed Maggie
 16518 | D:10     | Killed Maggie
 16578 | D:10     | Noticed a two-headed ogre
 16589 | D:10     | Killed a two-headed ogre
 16763 | D:10     | Found the +5 robe of Misfortune {Contam Harm *Corrode Drain
                  | *Slow EV+5}
 17005 | D:10     | Reached skill level 5 in Earth Magic
 17843 | D:11     | Reached skill level 10 in Fire Magic
 18295 | D:11     | Noticed a cyclops
 19774 | D:11     | Killed a cyclops
 19865 | D:11     | Noticed a cyclops
 19894 | D:11     | Reached XP level 12. HP: 68/91 MP: 19/19
 20124 | D:11     | Found a staircase to the Lair.
 20200 | Lair:1   | Entered Level 1 of the Lair of Beasts
 20337 | Lair:1   | Noticed a four-headed hydra
 20342 | Lair:1   | Noticed a four-headed hydra
 20439 | Lair:1   | Killed a four-headed hydra
 20440 | Lair:1   | Reached skill level 11 in Fire Magic
 20741 | Lair:2   | Noticed an eight-headed hydra
 20749 | Lair:2   | Slain by an eight-headed hydra

Illustrated notes

Levels and vault maps discovered:
D:1:      psy_arrival_fountain, layout_rooms
D:2:      layout_basic, chequers_ecumenical_altar_simple_redux, serial_shops,
          shop, chequers_serial_rivers_marsh, corexii_corridor_pit, uniq_robin
D:3:      layout_basic, st_stairs_3
D:4:      layout_basic
D:5:      layout_cave_pods
D:6:      layout_rooms
D:7:      layout_loops_ring, okawaru_humans, minmay_temple_entry_mist
D:8:      layout_basic, nicolae_shop_firing_range
D:9:      layout_layer_cave
D:10:     minmay_distorted_concentric_squares, layout_gridville, moated_statue,
          pond, uniq_maggie
D:11:     layout_basic, due_lair_maze_entry_diamond
Temple:   compressed_dpeg_circular_temple
Lair:1:   layout_misc_corridors, infiniplex_staircase_pool
Lair:2:   layout_chaotic_city, minmay_shoals_entry_lonely_mermaid,
          minmay_snake_entry_guardpost_medium, enter_volcano_3, uniq_erica

Skill      XL: |  1  2  3  4  5  6  7  8  9 10 11 12 |
---------------+-------------------------------------+-----
Fire Magic     | 1 2 3 4 5 6 8 10 11 | 11.0
Conjurations   | 1 2 3 4 5 6 7 8 9 |  9.2
Spellcasting   | 3 4 5 |  5.0
Shields        | 4 8 9 |  9.0
Earth Magic    | 3 5 6 |  6.2
Fighting       | |  1.0
Crossbows      | |  1.7
Throwing       | |  1.0
Stealth        | |  1.5
Necromancy     | |  1.0
Transmutations | |  2.0

Action                   |  1- 3 |  4- 6 |  7- 9 | 10-12 || total
-------------------------+-------+-------+-------+-------++-------
Melee: Dagger            |       |     6 |     5 |   139 ||   150
       Falchion          |       |       |     1 |       ||     1
       Long sword        |       |       |     4 |       ||     4
       Staff             |       |       |       |     1 ||     1
 Cast: Foxfire           |    54 |   121 |   259 |   228 ||   662
       Ignite Poison     |       |       |     1 |    51 ||    52
       Blink             |       |       |       |    14 ||    14
       Mephitic Cloud    |       |       |       |    18 ||    18
       Bolt of Magma     |       |       |       |    25 ||    25
 Abil: Spit Poison       |    10 |     6 |     5 |     2 ||    23
  Use: Potion            |       |       |     2 |     2 ||     4
       Scroll            |       |       |       |    15 ||    15
Armor: Robe              |     2 |     6 |       |       ||     8
       Scale mail        |       |     6 |    57 |    38 ||   101
       Skin              |       |       |    31 |       ||    31
       Acid dragon scale |       |       |       |   147 ||   147
Dodge: Dodged            |     7 |    20 |    48 |   105 ||   180
Block: Kite shield       |       |       |    70 |   250 ||   320
       Rpst.: Falchion   |       |       |     7 |       ||     7
       Long sword        |       |       |     6 |       ||     6
